 Dungeon Crawl Stone Soup version 0.21.1-1-g345015f (webtiles) character file.

50 grindst0ne the Skirmisher (level 4, 0/37 HPs)
             Began as a Formicid Arcane Marksman on Feb 21, 2018.
             Slain by an ogre
             ... wielding a +0 giant club
              (15 damage)
             ... on level 2 of the Dungeon.
             The game lasted 00:03:50 (1815 turns).

grindst0ne the Skirmisher (FoAM)                    Turns: 1815, Time: 00:03:51

Health: 0/37       AC: 10    Str: 14    XL:     4   Next: 4%
Magic:  5/5        EV:  4    Int: 13    God:
Gold:   141        SH:  0    Dex: 12    Spells: 4/5 levels left

rFire    . . .     SeeInvis +   i - +0 club (curse)
rCold    . . .     Gourm    .   (no shield)
rNeg     . . .     Faith    .   n - +0 plate armour
rPois    .         Spirit   .   (helmet unavailable)
rElec    .         Reflect  .   (no cloak)
rCorr    .         Harm     .   (no gloves)
MR       .....                  (no boots)
Stlth    ..........             (no amulet)
HPRegen  0.12/turn              (no ring)
MPRegen  0.09/turn              (no ring)

@: no status effects
A: permanent stasis, dig shafts and tunnels, four strong arms, antennae 3
a: Dig, Shaft Self


You were on level 2 of the Dungeon.
You were not hungry.

You visited 1 branch of the dungeon, and saw 2 of its levels.

You collected 141 gold pieces.

Inventory:

Hand Weapons
 i - a cursed +0 club (weapon)
Missiles
 c - 5 javelins (quivered)
 d - 2 throwing nets
Armour
 m - a +1 scale mail
 n - a +0 plate armour (worn)
Scrolls
 a - a scroll of amnesia {unknown}
 e - a scroll of enchant armour
Potions
 g - a potion of mutation {unknown}
 h - 2 potions of curing
 j - a potion of invisibility
 k - a potion of ambrosia {unknown}
 l - a potion of magic {unknown}
Books
 b - a book of Debilitation

   Spells                             Type                      Level
   a - Corona                         Hexes                        1
   b - Slow                           Hexes                        2
   c - Inner Flame                    Hexes/Fire                   3
   d - Portal Projectile              Hexes/Translocation          3
   e - Cause Fear                     Hexes                        4
   f - Leda's Liquefaction            Hexes/Earth                  4
Comestibles
 f - 5 rations


   Skills:
 + Level 3.9 Fighting
 - Level 2.0 Throwing
 - Level 1.7 Dodging
 - Level 1.1 Spellcasting
 - Level 3.6 Hexes


You had 4 spell levels left.
You knew the following spells:

 Your Spells              Type           Power        Failure   Level  Hunger
a - Corona                Hex            ##.....      100%        1    ##.....


Dungeon Overview and Level Annotations

Branches:
Dungeon (2/15)

Altars:

Annotations:
D:1 exclusion: downstairs


Innate Abilities, Weirdness & Mutations

You cannot be hasted, slowed, berserked, paralysed or teleported.
You can dig through walls and to a lower floor.
Your four strong arms can wield two-handed weapons with a shield.
You have a pair of large antennae on your head. (SInv)


Message History

The bat barely misses you. The bat hits you but does no damage. x2
You hit the bat.
You kill the bat!
No target in view!
No target in view!
You see here a bat corpse.
You butcher the bat corpse.
o - a chunk of flesh You see here a bat skeleton.
f - 5 rations (gained 1) Eating a chunk of flesh.
You eat the chunk of flesh.
This raw flesh tastes terrible.
Found a stone staircase leading down.
You sense a monster nearby.
The ogre hits you with a giant club!!
Ouch! That really hurt!
You hear a shout!
You hit the ogre but do no damage. The ogre hits you with a giant club!
You die...

##.## #... ##...######
#....O<(... #....#####.
#.#.## #. { ##
#.#.######. .#
#.#........
###K#####.#..###.#.
#.@................
#.#O#####.#....#.#.
####.#.# #.##.<...#.
#......# # #.#.###. {
####.### #.##.#.#... #.#
#....(..... #.#
####...#.#.
...###.###########..#.#.
...>.................#.#.


You could see an ogre and a kobold (wandering).

Vanquished Creatures
  Jessica (D:2)
  2 leopard geckos (D:1)
  4 bats
  A giant cockroach (D:1)
  5 goblins (D:1)
  A hobgoblin (D:1)
  3 kobolds (D:1)
  A frilled lizard (D:1)
  3 rats (D:1)
21 creatures vanquished.

Notes
Turn   | Place    | Note
-------+----------+-------------------------------------------
     0 | D:1      | grindst0ne the Formicid Arcane Marksman began the quest for the Orb.
     0 | D:1      | Reached XP level 1. HP: 15/15 MP: 2/2
   162 | D:1      | Reached XP level 2. HP: 15/22 MP: 3/3
  1196 | D:1      | Reached XP level 3. HP: 28/29 MP: 4/4
  1371 | D:2      | Noticed Jessica
  1393 | D:2      | Killed Jessica
  1393 | D:2      | Reached XP level 4. HP: 26/37 MP: 5/5
  1440 | D:2      | Noticed an ogre
  1815 | D:2      | Slain by an ogre

Skill      XL: |  1  2 |
---------------+-------+-----
Fighting       | 2 3 |  3.9
Throwing       | |  2.0
Dodging        | |  1.7
Spellcasting   | |  1.1
Hexes          | |  3.6

Action                   |  1- 3 |  4- 6 || total
-------------------------+-------+-------++-------
Melee: Club              |   132 |    14 ||   146
       Unarmed           |    13 |       ||    13
 Cast: Corona            |       |     1 ||     1
  Use: Scroll            |     5 |       ||     5
  Eat: Chunk             |     2 |     1 ||     3
Armor: Robe              |     6 |       ||     6
       Leather armour    |     8 |       ||     8
       Scale mail        |    72 |       ||    72
       Plate armour      |       |    21 ||    21
Dodge: Dodged            |   112 |     7 ||   119
